 Dungeon Crawl Stone Soup version 0.30.1-9-gdf580d7c3d (webtiles) character file.

Game seed: 1848118762168031632

45 Atelerd the Digger (level 3, -3/22 HPs)
             Began as an Octopode Earth Elementalist on Sept 24, 2023.
             Slain by an orc priest
             ... wielding a +0 whip
              (8 damage)
             ... on level 3 of the Dungeon.
             The game lasted 00:01:17 (1510 turns).

Atelerd the Digger (Octopode Earth Elementalist)    Turns: 1510, Time: 00:01:18

Health: -3/22      AC:  1    Str:  7    XL:     3   Next: 64%
Magic:  4/6        EV: 13    Int: 17    God:
Gold:   133        SH:  0    Dex: 14    Spells: 6/7 levels left

rFire   + . .        g - +0 long sword
rCold   . . .        (no shield)
rNeg    . . .        (helmet restricted)
rPois   .            (no amulet)
rElec   .            n - ring of protection from fire
rCorr   .            (no ring)
SInv    .            (no ring)
Will    .....        (no ring)
Stlth   ++           (no ring)
HPRegen 0.23/turn    (no ring)
MPRegen 0.10/turn    (no ring)
                     (no ring)

%: no passive effects
@: confused, ambrosia-drunk
A: almost no armour, amphibious, 8 rings, camouflage 1, gelatinous body 1,
(nimble swimmer 1), tentacles
a: no special abilities


You were on level 3 of the Dungeon.
You visited 1 branch of the dungeon, and saw 3 of its levels.

You collected 133 gold pieces.

Inventory:

Hand Weapons
 g - a +0 long sword (weapon)
Missiles
 i - 4 silver javelins
Jewellery
 n - a ring of protection from fire (left tentacle)
Scrolls
 b - a scroll of acquirement {unknown}
 l - a scroll of enchant weapon {unknown}
 m - a scroll of identify {unknown}
 p - a scroll of silence {unknown}
 q - a scroll of blinking {unknown}
Potions
 a - 2 potions of magic
 d - a potion of attraction {unknown}
 e - a potion of berserk rage {unknown}
 f - 2 potions of curing {unknown}
 h - a potion of brilliance {unknown}
 j - a potion of heal wounds {unknown}
 k - 2 potions of mutation {unknown}
 o - a potion of lignification {unknown}


   Skills:
 + Level 0.4 Fighting
 + Level 0.2 Long Blades
 - Level 2.0 Dodging
 - Level 2.6 Stealth
 + Level 0.3 Unarmed Combat
 + Level 2.5 Spellcasting
 + Level 1.4 Transmutations
 + Level 3.7 Earth Magic


You had 6 spell levels left.
You knew the following spells:

 Your Spells              Type           Power      Damage    Failure   Level
a - Sandblast             Erth           28%        2d8       4%          1

Your spell library contained the following spells:

 Spells                   Type           Power      Damage    Failure   Level
 Passwall                 Tmut/Erth      9%         N/A       10%         2
 Stone Arrow              Conj/Erth      16%        3d8       26%         3
 Tukima's Dance           Hex            2%         N/A       50%         3
 Petrify                  Tmut/Erth      11%        N/A       54%         4
 Passage of Golubria      Tloc           2%         N/A       88%         4
 Yara's Violent Unravell  Hex/Tmut       2%         3d3       98%         5


Dungeon Overview and Level Annotations

Branches:
Dungeon (3/15)

Altars:

Annotations:
D:2 1 runed translucent door, Crazy Yiuf


Innate Abilities, Weirdness & Mutations

You cannot wear most types of armour.
You are amphibious.
You can wear up to eight rings at the same time.
Your skin changes colour to match your surroundings (Stealth+).
Your rubbery body absorbs attacks. (AC +1, EV +1)
((You are camouflaged when in or above water. (Stealth+)))
You have tentacles for arms and can constrict up to eight enemies at once.


Message History

The blast of sand hits the orc!
You kill the orc!
Casting: Sandblast (safe; 4% risk of failure)
Confirm with . or Enter, or press ? or * to list all spells.
Aiming: Sandblast (safe; 4% risk of failure)
Press: ? - help, Shift-Dir - straight line, f/p - orc priest
Aim: an orc priest, wielding a +0 whip and wearing a +0 chain mail (87% to hit)
The blast of sand hits the orc priest.
The orc priest is lightly wounded.
The orc priest hits you with a +0 whip. The orc priest barely misses you.
Casting: Sandblast (safe; 4% risk of failure)
Confirm with . or Enter, or press ? or * to list all spells.
Aiming: Sandblast (safe; 4% risk of failure)
Press: ? - help, Shift-Dir - straight line, f/p - orc priest
Aim: an orc priest, wielding a +0 whip and wearing a +0 chain mail (lightly wounded, 87% to hit)
The blast of sand hits the orc priest but does no damage.
The orc priest is lightly wounded.
The orc priest hits you with a +0 whip.
Casting: Sandblast (safe; 4% risk of failure)
Confirm with . or Enter, or press ? or * to list all spells.
You don't have enough magic to cast this spell.
Unknown command.
Unknown command.
Casting: Sandblast (safe; 4% risk of failure)
Confirm with . or Enter, or press ? or * to list all spells.
You don't have enough magic to cast this spell.
Unknown command.
You hit the orc priest but do no damage.
You grab the orc priest.
The orc priest is lightly wounded.
You constrict the orc priest, but do no damage.
The orc priest hits you with a +0 whip. x2
* * * LOW HITPOINT WARNING * * *
Unknown command.
It was a potion of ambrosia.
You are confused.
You feel invigorated.
You constrict the orc priest, but do no damage.
The orc priest hits you with a +0 whip!
You die...

#. #. #$ #. #.
#.#############
#.ooo@........#
#.)##########.#
#.)# #.# .....
#.# #!..... #.#
#...o... #.#
#........ #.#
#......... #.#
#.........# #.#


You could see an orc priest and 2 orcs.

Vanquished Creatures
  An adder (D:2)
  A worm (D:2)
  3 dart slugs (D:2)
  2 orcs (D:3)
  An endoplasm (D:2)
  A goblin (D:2)
  2 hobgoblins
  3 jackals (D:2)
  A kobold (D:2)
  2 quokkas
  2 ball pythons
  A bat (D:1)
  A frilled lizard (D:2)
  4 rats
25 creatures vanquished.

Notes
Turn   | Place    | Note
-------+----------+-------------------------------------------
     0 | D:1      | Atelerd the Octopode Earth Elementalist began the quest for
                  | the Orb.
     0 | D:1      | Reached XP level 1. HP: 11/11 MP: 3/3
   379 | D:1      | Found a faded altar of an unknown god.
   603 | D:2      | Reached XP level 2. HP: 17/17 MP: 0/5
   858 | D:2      | Reached XP level 3. HP: 22/22 MP: 3/6
  1315 | D:2      | Found a runed translucent door.
  1316 | D:2      | Noticed Crazy Yiuf
  1510 | D:3      | Slain by an orc priest

Illustrated notes

Levels and vault maps discovered:
D:1:      lemuel_arrival_broad_hall, layout_basic,
          shapermc_ecumenical_altar_starsandcircs
D:2:      layout_loops_cross, uniq_crazy_yiuf_cottage
D:3:      layout_basic, amcnicky_mini_corridor_feature, dk_noncrumbling_4,
          uniq_sigmund, uniq_grinder

Action                     || total
---------------------------++-------
  Melee: Unarmed           ||    12
         Tentacles         ||     4
         Constrict         ||     4
         Long sword        ||     7
   Cast: Sandblast         ||    39
    Use: Potion            ||     1
 Armour: Skin              ||     1
  Dodge: Dodged            ||    30
